 Dungeon Crawl Stone Soup version 0.31-a0-426-g3a05650e59 (webtiles) character file.

Game seed: 1637781000243139441

536 Lorrdernie the Ruffian (level 7, -3/61 HPs)
             Began as a Troll Shapeshifter on July 30, 2023.
             Was an Initiate of Dithmenos.
             Slain by a gnoll
             ... wielding a +0 spear
              (8 damage)
             ... on level 5 of the Dungeon.
             The game lasted 00:06:15 (3604 turns).

Lorrdernie the Ruffian (Troll Shapeshifter)         Turns: 3604, Time: 00:06:15

Health: -3/61      AC:  4    Str: 24    XL:     7   Next: 4%
Magic:  6/6        EV:  9    Int:  6    God:    Dithmenos [......]
Gold:   150        SH:  0    Dex: 10    Spells: 6/6 levels left

rFire   . .          .
                       - Unarmed
rCold   . . .        (no shield)
rNeg    . . .        a - +0 animal skin
rPois   +            (helmet currently unavailable)
rElec   .            (cloak currently unavailable)
rCorr   .            (gloves unavailable)
SInv    .            (boots unavailable)
Will    .....        (no amulet)
Stlth   +            i - ring of poison resistance
HPRegen 1.10/turn    (no ring)
MPRegen 0.10/turn

%: no passive effects
@: beast-form
A: beast (slay +2), large, unfitting armour, claws 3, regeneration 1, shaggy fur
1, tough skin 1
a: Begin Untransformation, Renounce Religion


You were on level 5 of the Dungeon.
You worshipped Dithmenos.
Dithmenos was noncommittal.
You were a hulking beast.
You visited 2 branches of the dungeon, and saw 6 of its levels.

You collected 247 gold pieces.
You spent 97 gold pieces at shops.

Inventory:

Armour
 a - a +0 animal skin (worn)
Jewellery
 i - a ring of poison resistance (left claw)
Talismans
 c - a beast talisman (active)
Wands
 o - a wand of flame (23)
Scrolls
 e - 2 scrolls of teleportation
 f - a scroll of identify
 g - 2 scrolls of revelation
 h - a scroll of blinking
 l - 2 scrolls of immolation
Potions
 b - a potion of lignification
 d - 3 potions of curing {unknown}
 k - 2 potions of heal wounds
 q - a potion of resistance {unknown}


   Skills:
 - Level 0.7 Fighting
 - Level 1.5 Dodging
 * Level 7.8 Unarmed Combat
 + Level 3.3 Shapeshifting


You had 6 spell levels left.
You didn't know any spells.
Your spell library contained the following spells:

 Spells                   Type           Power      Damage    Failure   Level
 Slow                     Hex            0%         N/A       45%         1
 Confusing Touch          Hex            0%         N/A       83%         3
 Vampiric Draining        Necr           0%         2d6       83%         3


Dungeon Overview and Level Annotations

Branches:
Dungeon (5/15)             Temple (1/1) D:4

Altars:
Ashenzari
Dithmenos
Elyvilon
Fedhas
Kikubaaqudgha
Makhleb
Okawaru
Ru
Sif Muna
Uskayaw
Vehumet
Yredelemnul
Zin

Shops:
D:2 =**::


Innate Abilities, Weirdness & Mutations

You are a hulking beast.
Your limbs bulge with bestial killing power. (Slay +2)
You are too large for most types of armour.
You have claws for hands.
Your natural rate of healing is unusually fast.
You are covered in fur. (AC +1)
You have tough skin. (AC +1)


Message History

Done waiting.
You now have 150 gold pieces (gained 7).
Found a stone staircase leading down.
There is a stone staircase leading down here.
A gnoll comes into view. It is wielding a +0 halberd.
A gnoll is nearby!
A gnoll comes into view. It is wielding a +0 spear.
The gnoll shouts! x2
A gnoll comes into view. It is wielding a +0 halberd.
The gnoll shouts!
The gnoll hits you from afar with a +0 halberd.
The gnoll hits you with a +0 halberd.
You mangle the gnoll!!
You kill the gnoll!
Dithmenos accepts your kill.
The gnoll hits you from afar with a +0 spear.
The gnoll hits you from afar with a +0 halberd!
The gnoll barely misses you.
Things that are here:
a +0 halberd; a gnoll corpse You scratch the gnoll.
The gnoll is moderately wounded.
The gnoll hits you from afar with a +0 halberd!
The gnoll hits you with a +0 spear!
You are too injured to fight recklessly!
You are too injured to fight recklessly!
You barely miss the gnoll.
The gnoll is moderately wounded.
The gnoll hits you from afar with a +0 halberd.
The gnoll hits you with a +0 spear!
* * * LOW HITPOINT WARNING * * *
You barely miss the gnoll.
The gnoll is moderately wounded.
The gnoll hits you from afar with a +0 halberd!
* * * LOW HITPOINT WARNING * * *
The gnoll closely misses you. The gnoll attacks as you move away!
The gnoll hits you with a +0 spear.
* * * LOW HITPOINT WARNING * * *
The gnoll hits you from afar with a +0 spear!
You die...

#.#.# #.#.#.# .##.#.#.#
...#.#.#
###.#.#.################
..........>.............
.#....#.######.#.######
......#......#.#.#
......######.#.#h#
....#.######)#.#)#
.<...[.......#.#g#
.##?#..........#g#
...............#.#
..#............+..
#.#............#.# #
#......<.....#.#
#............#.#


You could see 2 gnolls.

Vanquished Creatures
  Duvessa (D:4)
  A phantom (D:3)
  2 scorpions (D:4)
  Dowan (D:4)
  A jelly (D:4)
  An iguana (D:4)
  Robin (D:1)
  A gnoll (D:5)
  2 adders (D:3)
  An ufetubus (D:4)
  A worm (D:4)
  13 orcs
  8 endoplasms
  2 giant cockroaches
  14 goblins
  12 hobgoblins
  3 quokkas
  4 ball pythons
  A bat (D:1)
  5 frilled lizards
  9 kobolds
  2 rats
86 creatures vanquished.

Notes
Turn   | Place    | Note
-------+----------+-------------------------------------------
     0 | D:1      | Lorrdernie the Troll Shapeshifter began the quest for the
                  | Orb.
     0 | D:1      | Reached XP level 1. HP: 18/18 MP: 0/0
    48 | D:1      | Found a large runed translucent door.
    48 | D:1      | Found a large runed translucent door.
   210 | D:1      | Found a faded altar of an unknown god.
   553 | D:1      | Reached XP level 2. HP: 26/26 MP: 1/1
   882 | D:1      | Reached skill level 4 in Unarmed Combat
   900 | D:1      | Reached XP level 3. HP: 28/32 MP: 2/2
   991 | D:2      | Noticed Robin
   992 | D:2      | Found Idith's Book Emporium.
  1007 | D:1      | Killed Robin
  1045 | D:2      | Found Labloj's Book Boutique.
  1084 | D:2      | Found Bumnew's Assorted Antiques.
  1142 | D:2      | Reached XP level 4. HP: 40/40 MP: 3/3
  1159 | D:2      | Reached skill level 5 in Unarmed Combat
  1528 | D:2      | Found Cin Piut's General Store.
  1561 | D:2      | Found Xaliuss Cuge's Jewellery Emporium.
  1737 | D:3      | Noticed a phantom
  1748 | D:3      | Killed a phantom
  1749 | D:3      | Reached XP level 5. HP: 34/46 MP: 4/4
  1830 | D:2      | Bought a scroll of revelation for 97 gold pieces
  1851 | D:3      | You fall into a shaft and drop 1 floor!
  1863 | D:4      | Reached skill level 6 in Unarmed Combat
  2320 | D:3      | Found a burning altar of Makhleb.
  2568 | D:4      | Reached XP level 6. HP: 43/54 MP: 5/5
  2587 | D:4      | Reached skill level 7 in Unarmed Combat
  2916 | D:4      | Noticed Duvessa
  2917 | D:4      | Noticed Dowan
  2928 | D:4      | Killed Duvessa
  2934 | D:4      | Killed Dowan
  2935 | D:4      | Reached XP level 7. HP: 55/61 MP: 6/6
  3030 | D:4      | Found a staircase to the Ecumenical Temple.
  3220 | Temple   | Entered the Ecumenical Temple
  3241 | Temple   | Became a worshipper of Dithmenos the Shadowed
  3435 | D:5      | Entered Level 5 of the Dungeon
  3604 | D:5      | Slain by a gnoll

Illustrated notes

Levels and vault maps discovered:
D:1:      erik_arrival_cave_to_civilisation [erik_arrival_cave_to_temple],
          layout_loops_ring, shapermc_ecumenical_altar_pompeii,
          item_on_display_a
D:2:      layout_basic, serial_shops, shop, shop,
          nicolae_shop_competitors_out_of_business, shop, shop,
          minmay_pentomino_t4, uniq_robin
D:3:      layout_loops_ring, mainiacjoe_overflow_alcove_1,
          kennysheep_minor_cross, minmay_misc_feat_columns,
          wander_ebering_terrifying_dragon_lair
D:4:      layout_loops_cross, temple_hall, uniq_duvessa
D:5:      layout_basic
Temple:   hc_temple_tempest_star

Skill      XL: |  1  2  3  4  5  6 |
---------------+-------------------+-----
Unarmed Combat | 4 5 6 7 |  7.8
Fighting       | |  0.7
Dodging        | |  1.5
Shapeshifting  | |  3.3

Action                     |  1- 3 |  4- 6 |  7- 9 || total
---------------------------+-------+-------+-------++-------
  Melee: Unarmed           |    88 |    98 |    13 ||   199
         Punch             |       |     2 |       ||     2
    Use: Scroll            |       |       |     8 ||     8
   Stab: Sleeping          |       |     2 |       ||     2
 Armour: Animal skin       |    25 |    22 |     1 ||    48
  Dodge: Dodged            |    42 |    32 |     4 ||    78

Table legend: (Time is in decaauts)
 A = Elapsed time spent in this place.
 B = Non-inter-level travel time spent in this place.
 C = Inter-level travel time spent in this place.
 D = Time resting spent in this place.
 E = Time spent auto-exploring this place.
 F = Levels seen in this place.
 G = Mean time per level.
                   A        B        C        D        E       F      G
               +--------+--------+--------+--------+--------+-----+--------+
         Total |   3583 |   3229 |    354 |    227 |   2520 |   6 |  597.2 |
       Dungeon |   3540 |   3228 |    312 |    227 |   2520 |   5 |  708.0 |
        Temple |     42 |      1 |     41 |      0 |      0 |   1 |   42.0 |
               +--------+--------+--------+--------+--------+-----+--------+

Top non-repeatable levels by time:
     D:1: 1028 daAuts
     D:4: 957 daAuts
     D:3: 726 daAuts
     D:2: 692 daAuts
     D:5: 136 daAuts
  Temple: 42 daAuts
